 Dungeon Crawl Stone Soup version 0.19.0-9-gfd783f2 (webtiles) character file.

301 dobroeutro the Archer (level 6, -5/48 HPs)
             Began as a Centaur Hunter on Nov 7, 2016.
             Slain by Menkaure (15 damage)
             ... on level 5 of the Dungeon.
             The game lasted 00:04:53 (4089 turns).

dobroeutro the Archer (Centaur Hunter)              Turns: 4089, Time: 00:04:54

Health: -5/48      AC:  8    Str: 14    XL:     6   Next: 14%
Magic:  0/6        EV:  8    Int: 10    God:
Gold:   261        SH:  0    Dex: 12    Spells: 0 memorised, 5 levels left

rFire  + . .     SeeInvis +     y - +1 mace (drain)
rCold  . . .     Gourm    .     F - +0 ring mail {rPois}
rNeg   . . .     Faith    .     (no shield)
rPois  +         Spirit   +     (no helmet)
rElec  .         Reflect  .     (no cloak)
rCorr  .         Harm     .     s - +2 pair of gloves
MR     .....                    (no barding)
Stlth  ..........               w - amulet of guardian spirit
                                q - ring of see invisible
                                v - ring of protection from fire

@: very quick
A: hooves 3, deformed body, speed 2, tough skin 3
a: no special abilities


You were on level 5 of the Dungeon.
You were near starving.

You visited 1 branch of the dungeon, and saw 5 of its levels.
You also visited: Ossuary.

You collected 261 gold pieces.

Inventory:

Hand Weapons
 a - a +1 shortbow
 b - a +0 short sword
 y - a +1 mace of draining (weapon)
Missiles
 d - 81 arrows
Armour
 c - a +0 leather armour
 s - a +2 pair of gloves (worn)
 F - a +0 ring mail of poison resistance (worn)
Jewellery
 i - an uncursed ring of flight
 q - a ring of see invisible (right hand)
 v - a ring of protection from fire (left hand)
 w - an amulet of guardian spirit (around neck)
Wands
 l - a wand of polymorph (16/24)
Scrolls
 e - 3 scrolls of amnesia {unknown}
 h - a scroll of noise {unknown}
 k - 6 scrolls of identify {unknown}
 m - 2 scrolls of recharging {unknown}
 n - a scroll of blinking {unknown}
 r - 2 scrolls of enchant armour {unknown}
 t - a scroll of fog {unknown}
 A - 2 scrolls of enchant weapon {unknown}
 D - a scroll of remove curse {unknown}
 G - a scroll of fear {unknown}
Potions
 j - 4 potions of agility {unknown}
 p - 2 potions of heal wounds
 u - a potion of magic {unknown}
 x - a potion of invisibility {unknown}
 z - 5 potions of curing {unknown}
 B - 2 potions of cancellation {unknown}
 E - a potion of beneficial mutation {unknown}
 H - a potion of degeneration {unknown}
 I - a potion of berserk rage {unknown}
 J - a potion of haste {unknown}
 K - a potion of lignification {unknown}
Comestibles
 f - 5 bread rations
 g - 2 meat rations
 o - a beef jerky
 C - 2 slices of pizza


   Skills:
 - Level 2.0 Fighting
 - Level 0.5 Short Blades
 + Level 2.6 Maces & Flails
 + Level 8.7 Bows
 - Level 1.3 Dodging
 - Level 0.4 Stealth


You had 5 spell levels left.
You didn't know any spells.

Dungeon Overview and Level Annotations

Branches:
Dungeon (5/15)
 Temple: D:4-7

Altars:
Ashenzari
Gozag
Zin

Annotations:
D:5 Menkaure


Innate Abilities, Weirdness & Mutations

You have hooves in place of feet.
Armour fits poorly on your strangely shaped body.
You cover ground very quickly.
You have extremely tough skin. (AC +3)


Message History

There is an open door here.
Menkaure hits you!
You are near starving!
You hit Menkaure.
Menkaure is moderately damaged.
Menkaure hits you.
You hit Menkaure but do no damage.
Menkaure is moderately damaged.
Menkaure hits you but does no damage.
You hit Menkaure.
Menkaure is heavily damaged.
Menkaure hits you!!
* * * LOW HITPOINT WARNING * * *
You are too injured to fight recklessly!
It was a potion of heal wounds.
You feel much better. Menkaure hits you!
* * * LOW HITPOINT WARNING * * *
You hit Menkaure. You kick Menkaure, but do no damage.
Menkaure is severely damaged.
Menkaure hits you!
You die...

..##......##............
..........+.............
..........#.............
..........##...#########
..........##.>.##...###.
..##......##............
..#####'####............
...........#............
.......@..##...##.......
........M.##...##.......
..##.##...##.......#....
# ## ######...#..###...
#......##.##..
#.....##...##.
#......##.#'..
#.......###..#
##.......#..##


You could see Menkaure.

Vanquished Creatures
  A hound (D:4)
  An iguana (D:4)
  3 worker ants
  3 mummies (Ossuary)
  4 adders
  3 oozes
  2 adder zombies (Ossuary)
  4 worms
  A dart slug (D:1)
  An orc (D:5)
  7 bats
  A giant cockroach (D:4)
  2 goblins
  10 hobgoblins
  7 jackals
  A quokka (D:4)
  3 frilled lizards
  4 goblin zombies (Ossuary)
  4 hobgoblin zombies (Ossuary)
  7 kobolds
  2 kobold zombies (Ossuary)
  3 quokka zombies (Ossuary)
  3 rats
  3 rat zombies (Ossuary)
80 creatures vanquished.

Notes
Turn   | Place    | Note
-------+----------+-------------------------------------------
     0 | D:1      | dobroeutro the Centaur Hunter began the quest for the Orb.
     0 | D:1      | Reached XP level 1. HP: 17/17 MP: 1/1
   514 | D:1      | Reached XP level 2. HP: 20/24 MP: 2/2
   518 | D:1      | Reached skill level 6 in Bows
  1399 | D:2      | Reached XP level 3. HP: 28/29 MP: 3/3
  1689 | D:2      | Found a shattered altar of Ashenzari.
  1749 | D:2      | Found an opulent altar of Gozag.
  1778 | D:2      | Reached skill level 7 in Bows
  2270 | D:3      | Reached XP level 4. HP: 27/36 MP: 4/4
  2348 | D:3      | Found a glowing silver altar of Zin.
  2670 | D:4      | Reached skill level 1 in Maces & Flails
  2716 | D:4      | Reached XP level 5. HP: 40/41 MP: 5/5
  2752 | D:4      | Reached skill level 8 in Bows
  3545 | D:5      | Entered Level 5 of the Dungeon
  3641 | D:5      | Found a sand-covered staircase.
  3646 | Ossuary  | Entered an ossuary
  3717 | Ossuary  | Reached XP level 6. HP: 26/48 MP: 3/6
  4081 | D:5      | Noticed Menkaure
  4087 | D:5      | HP: 2/48 [Menkaure (19)]
  4089 | D:5      | Slain by Menkaure

Skill      XL: |  1  2  3  4  5 |
---------------+----------------+-----
Bows           | 6 7 8 |  8.7
Maces & Flails | 1 2 |  2.6
Fighting       | |  2.0
Short Blades   | |  0.5
Dodging        | |  1.3
Stealth        | |  0.4

Action                   |  1- 3 |  4- 6 || total
-------------------------+-------+-------++-------
Melee: Short sword       |   132 |     2 ||   134
       Kick              |    28 |    44 ||    72
       Mace              |       |   174 ||   174
 Fire: Shortbow          |    20 |    17 ||    37
  Use: Potion            |       |     1 ||     1
  Eat: Bread ration      |     1 |       ||     1
       Chunk             |       |     2 ||     2
Armor: Leather armour    |    43 |    43 ||    86
       Ring mail         |       |    72 ||    72
Dodge: Dodged            |    70 |   121 ||   191
